 Dungeon Crawl Stone Soup version 0.31-a0-774-g0d66cbabe8 (webtiles) character file.

Game seed: 3213307965157454063

1726 randomguy2701 the Destroyer (level 8, -5/43 HPs)
             Began as a Deep Elf Conjurer on Sept 17, 2023.
             Slain by a gnoll sergeant
             ... wielding a +4 vampiric spear
              (12 damage)
             ... on level 7 of the Dungeon.
             The game lasted 00:12:26 (7397 turns).

randomguy2701 the Destroyer (Deep Elf Conjurer)     Turns: 7397, Time: 00:12:26

Health: -5/43      AC:  2    Str:  4    XL:     8   Next: 75%
Magic:  19/23      EV: 18    Int: 26    God:
Gold:   447        SH:  0    Dex: 13    Spells: 22/25 levels left

rFire   . . .        (no weapon)
rCold   . . .        (no shield)
rNeg    . . .        a - +0 robe
rPois   +            q - +0 hat
rElec   .            (no cloak)
rCorr   .            (no gloves)
SInv    .            (no boots)
Will    .....        (no amulet)
Stlth   ++           w - ring of poison resistance
HPRegen 0.27/turn    s - +5 ring of evasion
MPRegen 0.18/turn

%: no passive effects
@: no status effects
A: no striking features
a: no special abilities


You were on level 7 of the Dungeon.
You visited 1 branch of the dungeon, and saw 7 of its levels.

You collected 447 gold pieces.

Inventory:

Armour
 a - a +0 robe (worn)
 q - a +0 hat (worn)
Jewellery
 f - a +6 ring of strength
 m - a +6 ring of dexterity
 o - a ring of flight
 s - a +5 ring of evasion (right hand)
 w - a ring of poison resistance (left hand)
 x - a ring of protection from fire
 B - a +6 ring of intelligence
Wands
 j - a wand of charming (9)
 n - a wand of acid (11)
 v - a wand of flame (23)
Scrolls
 g - a scroll of fog {unknown}
 h - 2 scrolls of enchant armour {unknown}
 k - 2 scrolls of vulnerability {unknown}
 p - a scroll of amnesia {unknown}
 r - a scroll of identify {unknown}
 t - a scroll of blinking {unknown}
 u - 3 scrolls of fear {unknown}
 y - 2 scrolls of revelation {unknown}
 A - a scroll of noise {unknown}
 C - a scroll of poison {unknown}
Potions
 b - a potion of magic
 c - 2 potions of enlightenment {unknown}
 d - 4 potions of curing {unknown}
 e - a potion of lignification {unknown}
 i - a potion of brilliance {unknown}
 l - a potion of degeneration {unknown}
 z - a potion of haste {unknown}


   Skills:
 + Level 1.3 Fighting
 + Level 4.1 Dodging
 + Level 4.0 Stealth
 + Level 9.4 Spellcasting
 + Level 9.7 Conjurations


You had 22 spell levels left.
You knew the following spells:

 Your Spells              Type           Power      Damage    Failure   Level
a - Magic Dart            Conj           100%       1d8       1%          1
b - Searing Ray           Conj           100%       2d8       1%          2

Your spell library contained the following spells:

 Spells                   Type           Power      Damage    Failure   Level
 Dazzling Flash           Conj/Hex       74%        N/A       1%          3
 Hailstorm                Conj/Ice       37%        3d9       1%          3
 Apportation              Tloc           24%        N/A       4%          1
 Freeze                   Ice            48%        1d6       4%          1
 Necrotise                Necr           48%        1d6       4%          1
 Summon Small Mammal      Summ           48%        N/A       4%          1
 Fulminant Prism          Conj/Hex       18%        3d11      7%          4
 Iskenderun's Mystic Bla  Conj/Tloc      37%        2d9       7%          4
 Sublimation of Blood     Necr           12%        N/A       8%          2
 Frozen Ramparts          Ice            24%        1d4       14%         3
 Irradiate                Conj/Tmut      18%        3d17      19%         5
 Petrify                  Tmut/Erth      12%        N/A       43%         4


Dungeon Overview and Level Annotations

Branches:
Dungeon (7/15)
 Temple: D:4-7

Altars:
Hepliaklqana
Kikubaaqudgha
Xom
The Shining One


Message History

The searing ray hits something!
Reactivating autopickup.
You feel a bit more experienced.
HP restored.
Items here: )) [[ †.
A gnoll sergeant and a gnoll come into view.
The gnoll sergeant is wielding a +4 vampiric spear.
Found a stone staircase leading down.
There are monsters nearby!
There are monsters nearby!
There are monsters nearby!
The magic dart hits the gnoll!
The gnoll is heavily wounded.
The magic dart hits the gnoll.
The gnoll is severely wounded.
The magic dart hits the gnoll.
The gnoll is almost dead.
The gnoll hits you from afar with a +0 spear!
The magic dart hits the gnoll.
You kill the gnoll!
Casting: Magic Dart (safe; 1% risk of failure)
Confirm with . or Enter, or press ? or * to list all spells.
Aiming: Searing Ray (safe; 1% risk of failure)
Press: ? - help, Shift-Dir - straight line, f - gnoll sergeant
Aim: a gnoll sergeant, wielding a +4 vampiric spear and wearing a +0 ring mail (87% to hit)
The searing ray hits the gnoll sergeant!
The gnoll sergeant is heavily wounded. (Press . to maintain the ray.)
The gnoll sergeant hits you from afar with a +4 vampiric spear!
The gnoll sergeant draws strength from your wounds!
The gnoll sergeant barely misses you.
The gnoll sergeant attacks as it pursues you!
The gnoll sergeant hits you from afar with a +4 vampiric spear.
The gnoll sergeant attacks as it pursues you!
The gnoll sergeant hits you from afar with a +4 vampiric spear!
* * * LOW HITPOINT WARNING * * *
Items here: )) [[ †.
The gnoll sergeant attacks as it pursues you!
The gnoll sergeant hits you from afar with a +4 vampiric spear!
You die...

..>..)...# #...# #..##
#..## #...# ##..#
.########## #####..###.#
.......#.###[.g)......#
.##.#.#......@###..#####
..........##### #..# ..
######..#.# ## #).# ..#
#..#.... ...) ..#
#.##..## #..## ..#
#.##..# #..# #.# #.....#
#..# ..# #.##..#
#.#######.# ...(.


You could see a gnoll sergeant.

Vanquished Creatures
  Sigmund (D:3)
  A sky beast (D:6)
  A black bear (D:5)
  An ogre (D:4)
  A phantom (D:6)
  A bullfrog (D:7)
  3 scorpions
  A howler monkey (D:5)
  A hound (D:6)
  3 jellies (D:5)
  An orc priest (D:6)
  Natasha (thrice) (D:2)
  Terence (D:3)
  Ijyb (D:3)
  6 iguanas
  10 orc wizards
  Robin (D:2)
  A gnoll (D:7)
  8 adders
  A shadow imp (D:7)
  2 worms
  4 dart slugs
  23 orcs
  6 bats
  5 endoplasms
  2 giant cockroaches
  14 goblins
  8 hobgoblins
  2 jackals (D:4)
  2 quokkas
  8 ball pythons
  4 frilled lizards
  10 kobolds
  5 rats
  A spectral kobold (D:2)
143 creatures vanquished.

Notes
Turn   | Place    | Note
-------+----------+-------------------------------------------
     0 | D:1      | randomguy2701 the Deep Elf Conjurer began the quest for the
                  | Orb.
     0 | D:1      | Reached XP level 1. HP: 10/10 MP: 6/6
   253 | D:1      | Reached XP level 2. HP: 15/15 MP: 6/8
   415 | D:1      | Reached skill level 5 in Conjurations
   827 | D:2      | Reached XP level 3. HP: 19/19 MP: 7/9
   829 | D:2      | Noticed Robin
   842 | D:1      | Learned a level 2 spell: Searing Ray
   897 | D:2      | Killed Robin
  1309 | D:2      | Found a glowing golden altar of the Shining One.
  1411 | D:2      | Noticed Natasha
  1417 | D:2      | Killed Natasha
  1418 | D:2      | Reached XP level 4. HP: 20/24 MP: 4/11
  1781 | D:2      | Found a faded altar of an unknown god.
  1822 | D:2      | Noticed Natasha
  1826 | D:2      | Killed Natasha
  1857 | D:2      | Noticed Natasha
  1864 | D:2      | Killed Natasha
  1865 | D:2      | Reached XP level 5. HP: 14/28 MP: 4/13
  2140 | D:2      | You fall into a shaft and drop 1 floor!
  2253 | D:3      | Noticed Terence
  2263 | D:3      | Killed Terence
  2360 | D:3      | Noticed Sigmund
  2366 | D:3      | Killed Sigmund
  2367 | D:3      | Reached skill level 5 in Spellcasting
  2367 | D:3      | Reached XP level 6. HP: 32/32 MP: 6/16
  3218 | D:3      | Found a shimmering altar of Xom.
  3442 | D:3      | Noticed Ijyb
  3466 | D:3      | Killed Ijyb
  3681 | D:4      | Reached XP level 7. HP: 25/36 MP: 8/18
  3784 | D:4      | Found an ancient bone altar of Kikubaaqudgha.
  4497 | D:4      | Found a hazy altar of Hepliaklqana.
  4605 | D:5      | Entered Level 5 of the Dungeon
  5162 | D:5      | Reached skill level 1 in Fighting
  5342 | D:5      | Reached XP level 8. HP: 43/43 MP: 13/21
  7397 | D:7      | Slain by a gnoll sergeant

Illustrated notes

Levels and vault maps discovered:
D:1:      mainiacjoe_arrival_reflecting_pool, layout_rooms
D:2:      layout_loops_corners, dreamdust_ecumenical_altar_drowned_temple,
          basic_altar, uniq_natasha, uniq_robin
D:3:      layout_basic, xom_butterflies, uniq_ijyb, uniq_sigmund, uniq_terence
D:4:      cheibrodos_old_hovel, layout_loops_ring, kennysheep_little_box,
          kiku_gazebo_garden_becter
D:5:      layout_loops_corners, serial_rivers, chequers_serial_rivers_small_a,
          chequers_serial_rivers_small_a, chequers_serial_rivers_small_3,
          chequers_serial_rivers_micro_b, kennysheep_small_circle
D:6:      layout_basic
D:7:      layout_loops_ring, jmf_multi_god_temple, minmay_temple_entry_junction

Skill      XL: |  1  2  3  4  5  6  7  8 |
---------------+-------------------------+-----
Conjurations   | 5 6 7 8 9 |  9.7
Spellcasting   | 4 5 6 7 9 |  9.4
Stealth        | 3 4 |  4.0
Dodging        | 3 4 |  4.1
Fighting       | 1 |  1.3

Action                     |  1- 3 |  4- 6 |  7- 9 || total
---------------------------+-------+-------+-------++-------
   Cast: Magic Dart        |    62 |    98 |   175 ||   335
         Searing Ray       |     2 |    10 |    20 ||    32
 Armour: Robe              |    11 |    11 |    24 ||    46
  Dodge: Dodged            |     7 |    19 |    41 ||    67

Table legend: (Time is in decaauts)
 A = Elapsed time spent in this place.
 B = Non-inter-level travel time spent in this place.
 C = Inter-level travel time spent in this place.
 D = Time resting spent in this place.
 E = Time spent auto-exploring this place.
 F = Levels seen in this place.
 G = Mean time per level.
                   A        B        C        D        E       F      G
               +--------+--------+--------+--------+--------+-----+--------+
         Total |   7420 |   7208 |    212 |      5 |   6450 |   7 | 1060.0 |
       Dungeon |   7420 |   7208 |    212 |      5 |   6450 |   7 | 1060.0 |
               +--------+--------+--------+--------+--------+-----+--------+

Top non-repeatable levels by time:
     D:2: 1518 daAuts
     D:6: 1290 daAuts
     D:5: 1260 daAuts
     D:3: 1220 daAuts
     D:4: 1012 daAuts
     D:1: 866 daAuts
     D:7: 250 daAuts
